 Dungeon Crawl Stone Soup version 0.31-a0-164-g2312942fda (webtiles) character file.

Game seed: 5234024791888411632

1437 qw the Skirmisher (level 8, -2/74 HPs)
             Began as a Naga Hunter on June 13, 2023.
             Was a Believer of Okawaru.
             Slain by Maggie
             ... wielding a +1 war axe of flaming
              (4 damage)
             ... on level 6 of the Dungeon.
             The game lasted 00:01:56 (5332 turns).

qw the Skirmisher (Naga Hunter)                     Turns: 5332, Time: 00:01:57

Health: -2/74      AC:  6    Str: 13    XL:     8   Next: 74%
Magic:  11/11      EV: 17    Int: 10    God:    Okawaru [**....]
Gold:   336        SH:  0    Dex: 15    Spells: 7/7 levels left

rFire   . . .        Y - +2 shortbow
rCold   . . .        (shield currently unavailable)
rNeg    . . .        c - +0 leather armour
rPois   +            (helmet restricted)
rElec   .            o - +0 cloak
rCorr   .            (no gloves)
SInv    +            (no barding)
Will    +....        (no amulet)
Stlth   +++          l - +5 ring of evasion
HPRegen 0.32/turn    (no ring)
MPRegen 0.12/turn

%: no passive effects
@: short of breath, heroic, very slow
A: AC +2, large, see invisible, deformed body, poison resistance, slowness 2,
spit poison 1, naga tail 1, antennae 1, clumsy 1
a: Spit Poison, Renounce Religion, Heroism


You were on level 6 of the Dungeon.
You worshipped Okawaru.
Okawaru was pleased with you.
You visited 2 branches of the dungeon, and saw 7 of its levels.

You collected 336 gold pieces.


Innate Abilities, Weirdness & Mutations

Your serpentine skin is tough. (AC +2)
You have supernaturally acute eyesight. (SInv)
Armour fits poorly on your strangely shaped body.
Your system is resistant to poisons. (rPois)
You cover ground very slowly.
You can spit poison.
You have a snake-like lower body.
You have a pair of small antennae on your head.
You are clumsy. (Dex -2)


   Skills:
 - Level 5.0(10.0) Fighting
 + Level 8.5(13.5) Ranged Weapons
 - Level 2.0(7.0) Dodging
 - Level 1.5(6.5) Stealth
 - Level 4.2 Invocations


You had 7 spell levels left.
You didn't know any spells.
Your spell library was empty.

Inventory:

Hand Weapons
 Y - a +2 shortbow (weapon)
Armour
 c - a +0 leather armour (worn)
 o - a +0 cloak (worn)
Jewellery
 l - a +5 ring of evasion (left hand)
Wands
 d - a wand of digging (2)
Scrolls
 a - a scroll of identify
Potions
 b - 3 potions of curing
 f - a potion of might
 g - a potion of resistance {unknown}
 h - a potion of lignification {unknown}
 j - a potion of mutation
 k - a potion of berserk rage {unknown}
 n - a potion of brilliance {unknown}

Dungeon Overview and Level Annotations

Branches:
Dungeon (6/15)             Temple (1/1) D:4

Altars:
Elyvilon
Fedhas
Gozag
Hepliaklqana
Kikubaaqudgha
Makhleb
Nemelex Xobeh
Okawaru
Qazlal
Ru
Sif Muna
Trog
Vehumet
Wu Jian
Yredelemnul
Zin
The Shining One

Shops:
D:4 :   D:5 (

Annotations:
D:6 Maggie


Message History

You shoot an arrow. The arrow hits Menkaure!
You destroy Menkaure!
Okawaru accepts your kill.
5325 ||| INVOKING Spit Poison.
Aiming: Spit Poison (1% risk of failure)
Press: ? - help, Shift-Dir - straight line, f - Maggie The splash of poison hits Maggie.
Maggie is lightly wounded.
Maggie hits you with a +1 war axe of flaming!
Maggie burns you.
You shoot an arrow.
The arrow hits Maggie but does no damage.
Maggie is lightly wounded.
Maggie hits you with a +1 war axe of flaming!
Maggie burns you.
You shoot an arrow. The arrow hits Maggie.
Maggie is lightly wounded.
Maggie casts a spell.
Maggie attempts to bespell you! You resist with some effort.
You shoot an arrow. The arrow hits Maggie!
Maggie is moderately wounded.
You shoot an arrow. The arrow hits Maggie.
Maggie is moderately wounded.
Maggie closely misses you.
You shoot an arrow. The arrow closely misses Maggie.
You have got your breath back.
Maggie hits you with a +1 war axe of flaming.
Maggie burns you.
5331 ||| INVOKING Spit Poison.
Aiming: Spit Poison (1% risk of failure)
Press: ? - help, Shift-Dir - straight line, f/p - Maggie The splash of poison hits Maggie.
Maggie completely resists.
Maggie is moderately wounded.
Maggie hits you with a +1 war axe of flaming!
Maggie burns you.
You shoot an arrow. The arrow hits Maggie!
Maggie is heavily wounded.
Maggie hits you with a +1 war axe of flaming!
Maggie burns you.
You die...

#. . #. ..#..
..... .~~~~.
######
.~~~~.##....##....
.~~~~.@.....#....#
#@....#....##
+.....#.....#
##....##....#
~.##....##....#
~............#
~~........%...#
~~.##....##...#
...####+###...#
#...+..........#


You could see Maggie.

Vanquished Creatures
  Menkaure (D:6)
  A water moccasin (D:5)
  2 ice beasts
  A black bear (D:6)
  2 ogres (D:5)
  A phantom (D:4)
  3 scorpions (D:5)
  2 hounds (D:5)
  2 orc priests
  2 sleepcaps
  4 iguanas
  2 orc wizards (D:4)
  8 adders
  3 worms
  3 dart slugs
  19 orcs
  5 bats
  3 endoplasms
  2 giant cockroaches (D:2)
  12 goblins
  3 hobgoblins
  2 jackals (D:2)
  3 kobolds
  4 quokkas
  8 ball pythons
  5 frilled lizards
  7 rats
110 creatures vanquished.

Notes
Turn   | Place    | Note
-------+----------+-------------------------------------------
     0 | D:1      | qw the Naga Hunter began the quest for the Orb.
     0 | D:1      | Reached XP level 1. HP: 19/19 MP: 1/1
     0 | D:1      | 0 ||| qw: Version: 0.2-a-29-gc1b59c4
     0 | D:1      | 0 ||| qw: Game counter: 4616
     0 | D:1      | 0 ||| qw: Always use a shield: true
     0 | D:1      | 0 ||| qw: God list: Okawaru
     0 | D:1      | 0 ||| qw: Allow faded altars: false
     0 | D:1      | 0 ||| qw: Do Orc after D:15 true
     0 | D:1      | 0 ||| qw: Do second Lair branch before Depths: true
     0 | D:1      | 0 ||| qw: Lair rune preference: random
     0 | D:1      | 0 ||| qw: Plans: Normal
     0 | D:1      | 0 ||| PLANNING D:1-11
    45 | D:1      | 45 ||| INVOKING Spit Poison.
    78 | D:1      | 78 ||| INVOKING Spit Poison.
    99 | D:1      | 99 ||| INVOKING Spit Poison.
   103 | D:1      | Reached skill level 4 in Ranged Weapons
   103 | D:1      | Reached XP level 2. HP: 26/26 MP: 2/2
   104 | D:1      | 104 ||| INVOKING Spit Poison.
   109 | D:1      | 109 ||| INVOKING Spit Poison.
   124 | D:1      | 124 ||| INVOKING Spit Poison.
   131 | D:1      | 131 ||| INVOKING Spit Poison.
   245 | D:1      | You fall into a shaft and drop 1 floor!
   249 | D:2      | 249 ||| UPGRADING to +0 helmet.
   254 | D:2      | 254 ||| READING scroll labelled ERRECO VAAH.
   255 | D:2      | 255 ||| DROPPING scroll of butterflies.
   266 | D:1      | 266 ||| INVOKING Spit Poison.
   319 | D:1      | 319 ||| INVOKING Spit Poison.
   324 | D:1      | 324 ||| INVOKING Spit Poison.
   501 | D:1      | 501 ||| INVOKING Spit Poison.
   513 | D:1      | 513 ||| INVOKING Spit Poison.
   678 | D:1      | 678 ||| READING 2 scrolls labelled QEUM REPTUMM.
   679 | D:1      | 679 ||| READING scroll labelled AKIFAQ ZIMEQA.
   680 | D:1      | 680 ||| READING 2 scrolls labelled TEMIRE FIXYOR.
   681 | D:1      | 681 ||| DROPPING scroll of fog.
   708 | D:2      | 708 ||| INVOKING Spit Poison.
   709 | D:2      | Reached XP level 3. HP: 32/32 MP: 3/3
   765 | D:2      | 765 ||| INVOKING Spit Poison.
   794 | D:2      | 794 ||| INVOKING Spit Poison.
   802 | D:2      | 802 ||| INVOKING Spit Poison.
   827 | D:2      | 827 ||| INVOKING Spit Poison.
   862 | D:2      | 862 ||| INVOKING Spit Poison.
   893 | D:2      | 893 ||| INVOKING Spit Poison.
   898 | D:2      | 898 ||| INVOKING Spit Poison.
   903 | D:2      | 903 ||| INVOKING Spit Poison.
   985 | D:2      | 985 ||| INVOKING Spit Poison.
  1020 | D:2      | 1020 ||| INVOKING Spit Poison.
  1023 | D:2      | 1023 ||| INVOKING Spit Poison.
  1132 | D:2      | 1132 ||| INVOKING Spit Poison.
  1137 | D:2      | 1137 ||| INVOKING Spit Poison.
  1139 | D:2      | Reached skill level 5 in Ranged Weapons
  1139 | D:2      | Reached XP level 4. HP: 27/39 MP: 4/4
  1372 | D:2      | 1372 ||| INVOKING Spit Poison.
  1392 | D:2      | Found a stormy altar of Qazlal.
  1498 | D:2      | 1498 ||| INVOKING Spit Poison.
  1556 | D:2      | 1556 ||| INVOKING Spit Poison.
  1623 | D:2      | 1623 ||| INVOKING Spit Poison.
  1637 | D:2      | 1637 ||| INVOKING Spit Poison.
  1673 | D:2      | 1673 ||| INVOKING Spit Poison.
  1717 | D:2      | 1717 ||| INVOKING Spit Poison.
  1720 | D:2      | 1720 ||| INVOKING Spit Poison.
  1733 | D:2      | 1733 ||| INVOKING Spit Poison.
  1903 | D:3      | 1903 ||| INVOKING Spit Poison.
  1910 | D:3      | 1910 ||| INVOKING Spit Poison.
  1916 | D:3      | 1916 ||| INVOKING Spit Poison.
  1922 | D:3      | 1922 ||| INVOKING Spit Poison.
  1999 | D:3      | Found a faded altar of an unknown god.
  2034 | D:3      | 2034 ||| INVOKING Spit Poison.
  2045 | D:3      | 2045 ||| INVOKING Spit Poison.
  2241 | D:3      | Found an ornate altar of the Wu Jian Council.
  2277 | D:3      | 2277 ||| INVOKING Spit Poison.
  2281 | D:3      | 2281 ||| INVOKING Spit Poison.
  2315 | D:3      | 2315 ||| INVOKING Spit Poison.
  2415 | D:3      | Found an opulent altar of Gozag.
  2415 | D:3      | Found a glowing silver altar of Zin.
  2501 | D:3      | 2501 ||| DROPPING amulet of magic regeneration.
  2502 | D:3      | 2502 ||| UPGRADING to +5 ring of evasion.
  2503 | D:3      | 2503 ||| READING scroll labelled VEMIUSS FOIBOF.
  2504 | D:3      | 2504 ||| READING scroll labelled PEUWOE ROAREL.
  2505 | D:3      | 2505 ||| READING scroll labelled BYAFUNL MYHADE.
  2506 | D:3      | 2506 ||| DRINKING 3 fuming dark potions.
  2507 | D:3      | 2507 ||| READING 2 scrolls of identify.
  2507 | D:3      | 2507 ||| IDENTIFYING fuming pink potion
  2508 | D:3      | 2508 ||| DROPPING potion of enlightenment.
  2565 | D:4      | 2565 ||| INVOKING Spit Poison.
  2568 | D:4      | Reached skill level 3 in Fighting
  2575 | D:4      | 2575 ||| INVOKING Spit Poison.
  2607 | D:4      | 2607 ||| INVOKING Spit Poison.
  2622 | D:4      | Reached XP level 5. HP: 49/49 MP: 5/5
  2626 | D:4      | 2626 ||| INVOKING Spit Poison.
  2629 | D:4      | Found a staircase to the Ecumenical Temple.
  2630 | D:4      | 2630 ||| PLANNING TEMPLE
  2630 | D:4      | 2630 ||| READING scroll labelled UMOQINNOTIXT.
  2656 | D:4      | 2656 ||| INVOKING Spit Poison.
  2661 | D:4      | 2661 ||| INVOKING Spit Poison.
  2664 | D:4      | 2664 ||| INVOKING Spit Poison.
  2774 | D:4      | 2774 ||| READING scroll labelled CESACL GYDDIZO.
  2784 | Temple   | Entered the Ecumenical Temple
  2784 | Temple   | Found a transporter.
  2784 | Temple   | Found a transporter.
  2786 | Temple   | Found a transporter.
  2786 | Temple   | Found a transporter.
  2796 | Temple   | 2796 ||| PLANNING D:1-11
  2811 | Temple   | 2811 ||| PLANNING OKAWARU WORSHIP
  2818 | Temple   | Became a worshipper of Warmaster Okawaru
  2818 | Temple   | 2818 ||| PLANNING D:1-11
  2842 | D:4      | 2842 ||| INVOKING Spit Poison.
  2875 | D:4      | 2875 ||| INVOKING Spit Poison.
  2880 | D:4      | Noticed an ice beast
  2888 | D:4      | HP: 3/49 [ice beast (13)]
  2889 | D:4      | Killed an ice beast
  2890 | D:4      | Reached skill level 6 in Ranged Weapons
  2890 | D:4      | Reached XP level 6. HP: 4/56 MP: 6/6
  3104 | D:4      | Reached * piety under Okawaru
  3238 | D:4      | Found a bloodstained altar of Trog.
  3343 | D:4      | 3343 ||| INVOKING Spit Poison.
  3387 | D:4      | 3387 ||| INVOKING Spit Poison.
  3413 | D:4      | 3413 ||| INVOKING Spit Poison.
  3436 | D:4      | 3436 ||| INVOKING Spit Poison.
  3503 | D:4      | Found Sipoz's Book Boutique.
  3529 | D:4      | 3529 ||| INVOKING Spit Poison.
  3572 | D:4      | 3572 ||| INVOKING Spit Poison.
  3573 | D:4      | 3573 ||| INVOKING Heroism.
  3574 | D:4      | 3574 ||| Stepping ~*~*~tactically~*~*~ (outnumbered).
  3578 | D:4      | 3578 ||| INVOKING Spit Poison.
  3585 | D:4      | 3585 ||| INVOKING Heroism.
  3586 | D:4      | 3586 ||| INVOKING Spit Poison.
  3786 | D:4      | 3786 ||| DROPPING ring of magical power.
  3787 | D:4      | 3787 ||| DRINKING 2 fuming clear potions.
  3788 | D:4      | 3788 ||| DRINKING 2 potions of curing.
  3788 | D:4      | 3788 ||| (to cure confusion)
  3789 | D:4      | 3789 ||| DRINKING 2 bubbling dark potions.
  3790 | D:4      | 3790 ||| DRINKING 2 bubbling sapphire potions.
  3790 | D:4      | Gained mutation: You are clumsy. (Dex -2) [potion of
                  | mutation]
  3790 | D:4      | Gained mutation: You have a pair of small antennae on your
                  | head. [potion of mutation]
  3791 | D:4      | 3791 ||| DROPPING +0 helmet.
  3792 | D:4      | 3792 ||| DROPPING potion of ambrosia.
  3830 | D:5      | Entered Level 5 of the Dungeon
  3847 | D:5      | 3847 ||| READING scroll of enchant weapon.
  3847 | D:5      | 3847 ||| ENCHANTING +1 shortbow.
  3915 | D:5      | Found a shimmering blue altar of Sif Muna.
  3933 | D:5      | 3933 ||| INVOKING Spit Poison.
  3939 | D:5      | 3939 ||| INVOKING Spit Poison.
  3942 | D:5      | Reached XP level 7. HP: 48/64 MP: 7/7
  3962 | D:5      | 3962 ||| INVOKING Spit Poison.
  4027 | D:5      | Found an ancient bone altar of Kikubaaqudgha.
  4079 | D:5      | 4079 ||| INVOKING Spit Poison.
  4083 | D:5      | 4083 ||| INVOKING Spit Poison.
  4085 | D:5      | Reached skill level 1 in Invocations
  4087 | D:5      | 4087 ||| INVOKING Spit Poison.
  4090 | D:5      | Reached skill level 7 in Ranged Weapons
  4123 | D:5      | 4123 ||| INVOKING Heroism.
  4126 | D:5      | 4126 ||| INVOKING Spit Poison.
  4210 | D:5      | 4210 ||| INVOKING Spit Poison.
  4232 | D:5      | 4232 ||| INVOKING Spit Poison.
  4396 | D:5      | 4396 ||| INVOKING Spit Poison.
  4399 | D:5      | Reached skill level 3 in Invocations
  4402 | D:5      | 4402 ||| INVOKING Spit Poison.
  4408 | D:5      | 4408 ||| INVOKING Spit Poison.
  4412 | D:5      | 4412 ||| INVOKING Spit Poison.
  4417 | D:5      | 4417 ||| INVOKING Spit Poison.
  4419 | D:5      | Reached XP level 8. HP: 52/72 MP: 10/10
  4661 | D:5      | Reached ** piety under Okawaru
  4713 | D:5      | 4713 ||| INVOKING Spit Poison.
  4717 | D:5      | 4717 ||| INVOKING Spit Poison.
  4721 | D:5      | 4721 ||| INVOKING Spit Poison.
  4778 | D:5      | Found Zypip's Antique Weapon Shoppe.
  4804 | D:5      | 4804 ||| INVOKING Heroism.
  4805 | D:5      | 4805 ||| INVOKING Spit Poison.
  4806 | D:5      | 4806 ||| Stepping ~*~*~tactically~*~*~ (outnumbered).
  4813 | D:5      | 4813 ||| INVOKING Spit Poison.
  4821 | D:5      | 4821 ||| INVOKING Spit Poison.
  4962 | D:5      | 4962 ||| INVOKING Spit Poison.
  4966 | D:5      | 4966 ||| INVOKING Spit Poison.
  4978 | D:5      | 4978 ||| INVOKING Spit Poison.
  4982 | D:5      | 4982 ||| INVOKING Spit Poison.
  5073 | D:5      | 5073 ||| UPGRADING to +0 cloak.
  5078 | D:5      | 5078 ||| DROPPING ring of flight.
  5079 | D:5      | 5079 ||| READING scroll labelled DACEISA ARAMUR.
  5080 | D:5      | 5080 ||| READING 2 scrolls of identify.
  5080 | D:5      | 5080 ||| IDENTIFYING viscous yellow potion
  5081 | D:5      | 5081 ||| DROPPING potion of attraction.
  5102 | D:6      | 5102 ||| INVOKING Spit Poison.
  5106 | D:6      | 5106 ||| STAIRDANCE
  5108 | D:5      | 5108 ||| INVOKING Spit Poison.
  5109 | D:5      | Reached skill level 8 in Ranged Weapons
  5223 | D:6      | 5223 ||| INVOKING Heroism.
  5224 | D:6      | 5224 ||| INVOKING Spit Poison.
  5268 | D:6      | 5268 ||| INVOKING Spit Poison.
  5273 | D:6      | 5273 ||| INVOKING Spit Poison.
  5305 | D:6      | Noticed Maggie
  5306 | D:6      | 5306 ||| INVOKING Spit Poison.
  5310 | D:6      | 5310 ||| INVOKING Spit Poison.
  5310 | D:6      | Noticed Menkaure
  5311 | D:6      | 5311 ||| INVOKING Heroism.
  5317 | D:6      | 5317 ||| INVOKING Spit Poison.
  5324 | D:6      | Killed Menkaure
  5325 | D:6      | 5325 ||| INVOKING Spit Poison.
  5331 | D:6      | 5331 ||| INVOKING Spit Poison.
  5331 | D:6      | HP: 14/74 [Maggie/+1 war axe of flaming (12)]
  5332 | D:6      | HP: 2/74 [Maggie/+1 war axe of flaming (9)]
  5332 | D:6      | Slain by Maggie

Levels and vault maps discovered:
D:1:      saegor_arrival_simple_a, layout_loops_ring, fountainhead
D:2:      layout_basic, basic_altar
D:3:      layout_loops_ring, grunt_temple_overflow_gold_and_silver,
          lemuel_tele_altar, ebering_ecumenical_altar_ruins, grunt_decor_cap
D:4:      layout_loops_cross, trog_book, minmay_temple_entry_drinking_statues,
          serial_shops, nicolae_lakefront_shop
D:5:      layout_gridville, led_sif_pool, amcnicky_altar_gilded, serial_shops,
          shop
D:6:      layout_gridville, roderic_roman_lattice, minivault_14,
          uniq_blork_the_orc, uniq_maggie, uniq_menkaure
Temple:   hellmonk_temple_divided_pantheon

Skill      XL: |  1  2  3  4  5  6  7  8 |
---------------+-------------------------+-----
Ranged Weapons | 4 5 6 7 8 |  8.5
Fighting       | 3 4 5 |  5.0
Invocations    | 3 4 |  4.2
Dodging        | 2 |  2.0
Stealth        | |  1.5

Action                     |  1- 3 |  4- 6 |  7- 9 || total
---------------------------+-------+-------+-------++-------
   Fire: Shortbow          |    60 |   122 |   114 ||   296
 Invoke: Heroism           |       |     2 |     4 ||     6
Ability: Spit Poison       |    26 |    37 |    32 ||    95
    Use: Scroll            |     4 |     7 |     2 ||    13
         Potion            |       |     5 |       ||     5
 Armour: Leather armour    |     7 |    12 |     6 ||    25
  Dodge: Dodged            |    16 |    26 |    38 ||    80

Table legend:
 A = Non-vault XP
 B = Vault XP
 C = Vault XP percentage of total XP
 D = Non-vault monster count
 E = Vault monster count
 F = Vault count percentage of total count
                 A         B        C        D         E       F
            +---------+---------+-------+---------+---------+-------
      Total |    1888 |     165 |   8.0 |     109 |       1 |   0.9
            +---------+---------+-------+---------+---------+-------
        D:1 |      32 |       0 |   0.0 |      20 |       0 |   0.0
        D:2 |      78 |       0 |   0.0 |      25 |       0 |   0.0
        D:3 |      30 |       0 |   0.0 |      11 |       0 |   0.0
        D:4 |     432 |       0 |   0.0 |      23 |       0 |   0.0
        D:5 |    1108 |       0 |   0.0 |      24 |       0 |   0.0
        D:6 |     208 |     165 |  44.2 |       6 |       1 |  14.3
            +---------+---------+-------+---------+---------+-------
